[ AOE2 MATCH · #483849489 ]
UnrankedMuisca vs Poles
[ REPLAY ANALYSIS · EXTRACTED FROM THE RECORDED GAME ]
Feudal
9:31
Castle
15:32
Imperial
—
| APM avg | 24.1 |
| APM peak | 62 |
| eAPM avg | 11.3 |
| Villagers / military | 51 / 9 |
Focus
⚔️ 32.6% · 🌾 67.4%
Unknown (2586) ×16 · Unknown (2562) ×8 · Scorpion ×4 · Battering Ram ×4 · Mangonel ×1 · Unknown (2550) ×1
Feudal
11:57
Castle
16:16
Imperial
30:06
| APM avg | 20.1 |
| APM peak | 50 |
| eAPM avg | 14.0 |
| Villagers / military | 114 / 76 |
Focus
⚔️ 25.1% · 🌾 74.9%
Bolas Rider ×32 · Skirmisher ×25 · Kona ×14 · Spearman ×5
Feudal
10:55
Castle
19:05
Imperial
23:05
| APM avg | 62.2 |
| APM peak | 148 |
| eAPM avg | 36.4 |
| Villagers / military | 59 / 74 |
Focus
⚔️ 71.3% · 🌾 28.7%
Archer ×73 · Bombard Cannon ×1
Feudal
10:37
Castle
14:23
Imperial
28:34
| APM avg | 51.6 |
| APM peak | 101 |
| eAPM avg | 22.9 |
| Villagers / military | 147 / 55 |
Focus
⚔️ 21.8% · 🌾 78.2%
Knight ×54 · Monk ×1
Feudal
10:13
Castle
14:08
Imperial
27:51
| APM avg | 23.0 |
| APM peak | 64 |
| eAPM avg | 14.5 |
| Villagers / military | 116 / 115 |
Focus
⚔️ 20.1% · 🌾 79.9%
Archer ×113 · Trebuchet (Packed) ×2
Feudal
11:06
Castle
15:02
Imperial
30:29
| APM avg | 26.3 |
| APM peak | 75 |
| eAPM avg | 15.5 |
| Villagers / military | 126 / 70 |
Focus
⚔️ 22.1% · 🌾 77.9%
Militia ×25 · Skirmisher ×25 · Elephant Archer ×13 · Armored Elephant ×4 · Trebuchet (Packed) ×2 · Monk ×1
Match map
Initial resources + every placement click. Lines = walls · curves = elevation contours. ◆ gold · ⬟ stone · ● berries · ✦ relic · ◌ wall gap
Your base· ✓ Closed at 15:32 · 0t walls · 4 gate(s)
对酒当歌's base· ✓ Closed at 16:16 · 0t walls · 2 gate(s)
折鸿梦影's base· ✓ Closed at 19:05 · 0t walls · 3 gate(s)
Louis supertramp's base· ✓ Closed at 14:23 · 0t walls · 2 gate(s)
carbondust's base· ✓ Closed at 14:08 · 0t walls · 3 gate(s)
马大帅's base· ✓ Closed at 15:02 · 0t walls · 3 gate(s)
Smoothed initial terrain · ◌ = detected wall gap · hover for details
Inputs per minute
— Mix - - 对酒当歌
Build order — Mix
148 actions detected in the replay
| 0:01 | Create | Villager (Male) |
| 0:01 | Create | Villager (Male) |
| 0:01 | Create | Villager (Male) |
| 0:02 | Build | House |
| 0:04 | Build | House |
| 0:26 | Create | Villager (Male) |
| 1:52 | Create | Villager (Male) |
| 2:42 | Create | Villager (Male) |
| 2:42 | Create | Villager (Male) |
| 3:12 | Create | Villager (Male) |
| 3:12 | Create | Villager (Male) |
| 3:12 | Create | Villager (Male) |
| 4:24 | Create | Villager (Male) |
| 4:24 | Create | Villager (Male) |
| 4:25 | Create | Villager (Male) |
| 4:25 | Create | Villager (Male) |
| 4:31 | Build | House |
| 4:33 | Build | House |
| 5:02 | Create | Villager (Male) |
| 5:31 | Create | Villager (Male) |
| 6:02 | Build | Settlement |
| 6:12 | Create | Villager (Male) |
| 7:21 | Research | Feudal Age |
| 7:54 | Build | Settlement |
| 8:12 | Build | Outpost |
| 9:31 | Age | Feudal Age |
| 9:33 | Create | Villager (Male) |
| 9:34 | Create | Villager (Male) |
| 9:34 | Create | Villager (Male) |
| 9:41 | Build | Market |
| 10:36 | Create | Villager (Male) |
| 10:41 | Build | Blacksmith |
| 11:10 | Build | Farm |
| 11:13 | Build | Farm |
| 11:16 | Build | Farm |
| 11:18 | Build | Farm |
| 11:23 | Build | Farm |
| 11:29 | Build | Farm |
| 11:32 | Create | Villager (Male) |
| 11:53 | Build | House |
| 12:02 | Create | Villager (Male) |
| 12:20 | Build | House |
| 12:23 | Create | Villager (Male) |
| 12:30 | Build | Farm |
| 12:46 | Research | Castle Age |
| 12:56 | Build | Farm |
| 13:03 | Build | House |
| 13:36 | Build | Barracks |
| 14:05 | Research | Double-Bit Axe |
| 14:37 | Build | House |
| 15:00 | Build | Palisade Gate |
| 15:03 | Build | House |
| 15:15 | Research | Horse Collar |
| 15:23 | Research | Scale Mail Armor |
| 15:32 | Age | Castle Age |
| 15:33 | Create | Unit 2586 |
| 15:33 | Create | Unit 2586 |
| 15:34 | Create | Unit 2586 |
| 15:34 | Create | Unit 2586 |
| 15:34 | Create | Unit 2586 |
| 15:39 | Create | Villager (Male) |
| 15:58 | Build | Siege Workshop |
| 16:02 | Create | Villager (Male) |
| 16:08 | Create | Unit 2586 |
| 16:17 | Create | Villager (Male) |
| 16:50 | Create | Villager (Male) |
| 16:55 | Create | Unit 2586 |
| 17:13 | Create | Villager (Male) |
| 17:34 | Create | Villager (Male) |
| 17:37 | Create | Unit 2550 |
| 17:40 | Create | Unit 2586 |
| 17:41 | Create | Unit 2586 |
| 18:06 | Create | Battering Ram |
| 18:12 | Build | Farm |
| 18:12 | Build | Farm |
| 18:14 | Build | Farm |
| 18:16 | Build | Farm |
| 18:21 | Build | Farm |
| 18:25 | Create | Villager (Male) |
| 18:29 | Create | Unit 2586 |
| 18:50 | Create | Battering Ram |
| 18:53 | Research | Forging |
| 19:00 | Build | Farm |
| 19:19 | Create | Battering Ram |
| 19:22 | Create | Villager (Male) |
| 19:39 | Create | Unit 2586 |
| 19:49 | Create | Unit 2586 |
| 20:11 | Create | Unit 2586 |
| 20:36 | Create | Unit 2586 |
| 20:37 | Create | Unit 2586 |
| 20:43 | Create | Battering Ram |
| 20:44 | Create | Villager (Male) |
| 21:16 | Create | Unit 2586 |
| 21:20 | Build | Farm |
| 21:43 | Research | Squires |
| 22:15 | Create | Villager (Male) |
| 22:17 | Create | Villager (Male) |
| 22:18 | Create | Villager (Male) |
| 22:40 | Research | Iron Casting |
| 23:08 | Build | University |
| 23:22 | Build | Farm |
| 23:23 | Create | Villager (Male) |
| 23:24 | Create | Villager (Male) |
| 24:21 | Research | Chain Mail Armor |
| 25:27 | Build | Settlement |
| 25:29 | Create | Villager (Male) |
| 25:29 | Create | Villager (Male) |
| 25:30 | Create | Villager (Male) |
| 25:30 | Create | Villager (Male) |
| 25:50 | Research | Masonry |
| 25:52 | Create | Villager (Male) |
| 25:53 | Create | Villager (Male) |
| 26:01 | Create | Mangonel |
| 26:09 | Research | Stone Mining |
| 26:59 | Build | Gate |
| 27:43 | Build | House |
| 27:44 | Build | House |
| 27:46 | Build | House |
| 27:50 | Build | House |
| 28:10 | Create | Villager (Male) |
| 28:11 | Create | Villager (Male) |
| 28:11 | Create | Villager (Male) |
| 28:13 | Create | Villager (Male) |
| 28:46 | Build | House |
| 28:48 | Build | House |
| 29:19 | Build | House |
| 29:20 | Build | House |
| 29:41 | Build | House |
| 29:54 | Create | Scorpion |
| 29:54 | Create | Scorpion |
| 30:13 | Build | Castle |
| 30:31 | Create | Scorpion |
| 30:31 | Create | Scorpion |
| 30:59 | Research | Loom |
| 31:13 | Create | Unit 2562 |
| 31:13 | Create | Unit 2562 |
| 31:14 | Create | Unit 2562 |
| 31:14 | Create | Unit 2562 |
| 31:14 | Create | Unit 2562 |
| 31:15 | Create | Unit 2562 |
| 31:30 | Create | Villager (Male) |
| 31:31 | Create | Villager (Male) |
| 31:31 | Create | Villager (Male) |
| 31:39 | Research | Fletching |
| 32:03 | Build | House |
| 32:49 | Create | Unit 2562 |
| 32:49 | Create | Unit 2562 |
| 34:11 | Build | Settlement |
Build order — 对酒当歌
First 150 of 294 actions detected
| 0:03 | Create | Villager (Male) |
| 0:03 | Create | Villager (Male) |
| 0:03 | Create | Villager (Male) |
| 0:04 | Create | Villager (Male) |
| 0:07 | Build | House |
| 0:13 | Build | House |
| 0:20 | Research | Loom |
| 0:31 | Create | Villager (Male) |
| 0:40 | Create | Villager (Male) |
| 0:40 | Create | Villager (Male) |
| 0:40 | Create | Villager (Male) |
| 1:34 | Create | Villager (Male) |
| 2:10 | Create | Villager (Male) |
| 2:43 | Build | House |
| 2:44 | Build | House |
| 2:47 | Create | Villager (Male) |
| 3:12 | Create | Villager (Male) |
| 3:18 | Create | Villager (Male) |
| 4:00 | Create | Villager (Male) |
| 4:21 | Build | Settlement |
| 4:31 | Create | Villager (Male) |
| 5:08 | Create | Villager (Male) |
| 5:11 | Create | Villager (Male) |
| 5:11 | Create | Villager (Male) |
| 5:39 | Create | Villager (Male) |
| 6:07 | Create | Villager (Male) |
| 6:07 | Create | Villager (Male) |
| 6:24 | Create | Villager (Male) |
| 6:59 | Build | Settlement |
| 7:26 | Create | Villager (Male) |
| 7:50 | Create | Villager (Male) |
| 7:56 | Create | Villager (Male) |
| 9:09 | Build | House |
| 9:10 | Build | House |
| 9:13 | Build | House |
| 9:22 | Create | Villager (Male) |
| 9:27 | Research | Feudal Age |
| 10:47 | Build | Farm |
| 11:10 | Build | Farm |
| 11:57 | Age | Feudal Age |
| 12:01 | Create | Villager (Male) |
| 12:07 | Build | Market |
| 12:08 | Create | Villager (Male) |
| 12:14 | Create | Villager (Male) |
| 12:46 | Build | Blacksmith |
| 12:54 | Build | Farm |
| 13:15 | Create | Skirmisher |
| 13:21 | Research | Double-Bit Axe |
| 13:36 | Research | Castle Age |
| 13:58 | Build | Farm |
| 14:03 | Build | Farm |
| 14:10 | Build | Farm |
| 14:16 | Research | Horse Collar |
| 14:32 | Research | Gold Mining |
| 14:46 | Build | Farm |
| 14:50 | Build | Farm |
| 15:07 | Build | Farm |
| 15:45 | Research | Wheelbarrow |
| 16:16 | Age | Castle Age |
| 16:24 | Build | Town Center |
| 16:27 | Create | Villager (Male) |
| 17:04 | Build | Town Center |
| 17:08 | Create | Villager (Male) |
| 17:26 | Research | Bow Saw |
| 17:34 | Research | Stone Mining |
| 18:00 | Create | Villager (Male) |
| 18:05 | Create | Villager (Male) |
| 18:16 | Create | Villager (Male) |
| 18:21 | Create | Villager (Male) |
| 18:26 | Create | Villager (Male) |
| 18:27 | Create | Villager (Male) |
| 18:48 | Create | Villager (Male) |
| 18:49 | Create | Villager (Male) |
| 18:51 | Create | Villager (Male) |
| 19:13 | Create | Villager (Male) |
| 19:27 | Create | Villager (Male) |
| 19:28 | Create | Villager (Male) |
| 19:28 | Create | Villager (Male) |
| 19:31 | Create | Villager (Male) |
| 19:42 | Build | Town Center |
| 19:43 | Create | Villager (Male) |
| 19:48 | Create | Villager (Male) |
| 19:56 | Create | Villager (Male) |
| 20:07 | Create | Villager (Male) |
| 20:12 | Build | Farm |
| 20:17 | Build | Farm |
| 20:20 | Create | Villager (Male) |
| 20:28 | Build | Farm |
| 20:41 | Create | Villager (Male) |
| 20:43 | Create | Villager (Male) |
| 20:45 | Create | Villager (Male) |
| 20:54 | Build | House |
| 20:55 | Build | House |
| 20:56 | Build | House |
| 20:58 | Build | House |
| 21:00 | Create | Villager (Male) |
| 21:10 | Build | Farm |
| 21:11 | Build | Farm |
| 21:13 | Create | Villager (Male) |
| 21:21 | Build | Farm |
| 21:22 | Build | Farm |
| 21:23 | Create | Villager (Male) |
| 21:41 | Build | Farm |
| 21:49 | Create | Villager (Male) |
| 21:50 | Create | Villager (Male) |
| 21:52 | Create | Villager (Male) |
| 21:52 | Create | Villager (Male) |
| 21:53 | Create | Villager (Male) |
| 21:55 | Create | Villager (Male) |
| 21:58 | Create | Villager (Male) |
| 22:06 | Build | Farm |
| 22:10 | Create | Villager (Male) |
| 22:19 | Build | Farm |
| 22:21 | Create | Villager (Male) |
| 22:29 | Create | Villager (Male) |
| 22:39 | Create | Villager (Male) |
| 22:48 | Build | Farm |
| 22:50 | Create | Villager (Male) |
| 22:56 | Create | Villager (Male) |
| 23:02 | Create | Villager (Male) |
| 23:04 | Create | Villager (Male) |
| 23:05 | Create | Villager (Male) |
| 23:07 | Create | Villager (Male) |
| 23:17 | Create | Villager (Male) |
| 23:18 | Create | Villager (Male) |
| 23:22 | Build | Farm |
| 23:24 | Create | Villager (Male) |
| 23:28 | Build | House |
| 23:34 | Build | Castle |
| 23:37 | Create | Villager (Male) |
| 23:39 | Create | Villager (Male) |
| 23:41 | Create | Villager (Male) |
| 23:50 | Build | Farm |
| 23:52 | Build | Farm |
| 23:56 | Create | Villager (Male) |
| 24:08 | Create | Villager (Male) |
| 24:09 | Create | Villager (Male) |
| 24:09 | Create | Villager (Male) |
| 24:12 | Build | Farm |
| 24:24 | Create | Villager (Male) |
| 24:26 | Create | Villager (Male) |
| 24:42 | Create | Villager (Male) |
| 24:51 | Build | Farm |
| 24:52 | Build | Farm |
| 24:54 | Build | Farm |
| 24:55 | Build | Farm |
| 24:55 | Create | Villager (Male) |
| 24:58 | Create | Villager (Male) |
| 25:01 | Create | Villager (Male) |
| 25:02 | Create | Villager (Male) |
Build order — 折鸿梦影
First 150 of 227 actions detected
| 0:00 | Create | Villager (Male) |
| 0:00 | Create | Villager (Male) |
| 0:00 | Create | Villager (Male) |
| 0:00 | Create | Villager (Male) |
| 0:02 | Build | House |
| 0:03 | Build | House |
| 1:30 | Create | Villager (Male) |
| 1:51 | Build | Lumber Camp |
| 2:03 | Create | Villager (Male) |
| 2:19 | Create | Villager (Male) |
| 2:19 | Create | Villager (Male) |
| 2:51 | Create | Villager (Male) |
| 2:51 | Create | Villager (Male) |
| 2:51 | Create | Villager (Male) |
| 3:39 | Create | Villager (Male) |
| 3:39 | Create | Villager (Male) |
| 3:39 | Create | Villager (Male) |
| 3:48 | Build | House |
| 3:49 | Build | House |
| 4:16 | Build | Mill |
| 4:32 | Create | Villager (Male) |
| 4:32 | Create | Villager (Male) |
| 4:46 | Create | Villager (Male) |
| 5:29 | Create | Villager (Male) |
| 5:30 | Create | Villager (Male) |
| 6:04 | Create | Villager (Male) |
| 6:04 | Create | Villager (Male) |
| 6:21 | Create | Villager (Male) |
| 6:21 | Create | Villager (Male) |
| 6:44 | Build | Farm |
| 7:04 | Create | Villager (Male) |
| 7:08 | Build | Farm |
| 7:54 | Research | Loom |
| 7:56 | Create | Villager (Male) |
| 8:43 | Research | Feudal Age |
| 10:03 | Create | Villager (Male) |
| 10:03 | Create | Villager (Male) |
| 10:07 | Build | Barracks |
| 10:55 | Age | Feudal Age |
| 11:00 | Build | Archery Range |
| 11:01 | Build | Archery Range |
| 11:05 | Research | Double-Bit Axe |
| 11:05 | Research | Double-Bit Axe |
| 11:36 | Build | Mining Camp |
| 11:37 | Create | Villager (Male) |
| 11:40 | Create | Villager (Male) |
| 11:47 | Build | House |
| 11:52 | Create | Villager (Male) |
| 11:56 | Research | Horse Collar |
| 12:01 | Create | Villager (Male) |
| 12:05 | Create | Archer |
| 12:11 | Research | Wheelbarrow |
| 12:25 | Build | Archery Range |
| 12:27 | Create | Villager (Male) |
| 12:27 | Create | Archer |
| 12:28 | Create | Villager (Male) |
| 12:40 | Build | Farm |
| 12:50 | Build | Farm |
| 12:55 | Create | Archer |
| 13:06 | Build | House |
| 13:09 | Build | Farm |
| 13:18 | Create | Archer |
| 13:22 | Create | Archer |
| 13:23 | Create | Villager (Male) |
| 13:31 | Build | Farm |
| 13:44 | Build | House |
| 13:46 | Create | Archer |
| 14:08 | Build | Farm |
| 14:10 | Create | Villager (Male) |
| 14:12 | Build | House |
| 14:15 | Create | Villager (Male) |
| 14:21 | Create | Archer |
| 14:22 | Create | Archer |
| 14:25 | Build | Farm |
| 14:34 | Create | Villager (Male) |
| 14:39 | Build | House |
| 14:50 | Create | Archer |
| 14:50 | Create | Archer |
| 14:52 | Create | Villager (Male) |
| 15:03 | Build | House |
| 15:28 | Build | House |
| 15:38 | Build | Market |
| 16:24 | Research | Castle Age |
| 16:29 | Build | Blacksmith |
| 17:03 | Research | Fletching |
| 17:03 | Research | Fletching |
| 17:08 | Build | Farm |
| 17:10 | Build | Farm |
| 17:12 | Build | Farm |
| 17:15 | Build | Farm |
| 17:18 | Build | Farm |
| 17:26 | Build | Farm |
| 17:28 | Research | Fletching |
| 17:36 | Build | Farm |
| 17:38 | Build | Farm |
| 18:35 | Research | Gold Mining |
| 18:48 | Create | Villager (Male) |
| 18:48 | Create | Villager (Male) |
| 19:05 | Age | Castle Age |
| 19:07 | Build | University |
| 19:10 | Build | Monastery |
| 19:21 | Build | Farm |
| 19:21 | Build | Farm |
| 19:26 | Build | Farm |
| 19:54 | Research | Imperial Age |
| 20:13 | Create | Archer |
| 20:22 | Research | Fletching |
| 20:22 | Research | Fletching |
| 20:51 | Research | Gold Mining |
| 20:51 | Research | Gold Mining |
| 21:02 | Research | Bodkin Arrow |
| 21:03 | Research | Bodkin Arrow |
| 21:22 | Create | Archer |
| 21:31 | Research | Heavy Plow |
| 21:31 | Research | Heavy Plow |
| 21:36 | Build | Farm |
| 21:55 | Research | Crossbowman (upgrade) |
| 21:59 | Create | Archer |
| 21:59 | Create | Archer |
| 22:23 | Research | Padded Archer Armor |
| 22:23 | Research | Padded Archer Armor |
| 22:34 | Create | Archer |
| 22:34 | Create | Archer |
| 22:52 | Build | Siege Workshop |
| 22:53 | Research | Wheelbarrow |
| 22:54 | Research | Loom |
| 22:54 | Research | Loom |
| 22:56 | Research | Wheelbarrow |
| 23:05 | Age | Imperial Age |
| 23:06 | Research | Chemistry |
| 23:10 | Build | House |
| 23:14 | Create | Archer |
| 23:14 | Create | Archer |
| 23:16 | Build | House |
| 23:19 | Build | House |
| 23:43 | Research | Wheelbarrow |
| 23:43 | Research | Wheelbarrow |
| 23:45 | Create | Archer |
| 23:55 | Create | Archer |
| 23:55 | Create | Archer |
| 24:11 | Create | Archer |
| 24:11 | Create | Archer |
| 25:00 | Create | Archer |
| 25:01 | Create | Archer |
| 25:11 | Create | Archer |
| 25:12 | Create | Archer |
| 25:26 | Create | Archer |
| 25:48 | Research | Forging |
| 26:01 | Build | Town Center |
| 26:03 | Create | Archer |
Build order — Louis supertramp
First 150 of 371 actions detected
| 0:02 | Create | Villager (Male) |
| 0:02 | Create | Villager (Male) |
| 0:02 | Create | Villager (Male) |
| 0:03 | Build | House |
| 0:05 | Build | House |
| 0:35 | Create | Villager (Male) |
| 0:35 | Create | Villager (Male) |
| 1:28 | Create | Villager (Male) |
| 1:28 | Create | Villager (Male) |
| 1:56 | Create | Villager (Male) |
| 1:56 | Create | Villager (Male) |
| 2:04 | Build | Lumber Camp |
| 2:21 | Create | Villager (Male) |
| 2:21 | Create | Villager (Male) |
| 2:57 | Create | Villager (Male) |
| 2:57 | Create | Villager (Male) |
| 3:43 | Build | House |
| 3:52 | Create | Villager (Male) |
| 3:52 | Create | Villager (Male) |
| 3:58 | Build | Mill |
| 4:16 | Create | Villager (Male) |
| 4:16 | Create | Villager (Male) |
| 4:51 | Create | Villager (Male) |
| 5:07 | Create | Villager (Male) |
| 5:07 | Create | Villager (Male) |
| 5:18 | Create | Villager (Male) |
| 5:30 | Build | Farm |
| 5:45 | Build | House |
| 5:52 | Create | Villager (Male) |
| 6:13 | Create | Villager (Male) |
| 6:13 | Create | Villager (Male) |
| 6:24 | Build | House |
| 6:30 | Build | Farm |
| 6:40 | Build | House |
| 6:48 | Create | Villager (Male) |
| 6:49 | Create | Villager (Male) |
| 7:01 | Build | House |
| 7:37 | Build | Farm |
| 7:47 | Build | Mining Camp |
| 8:13 | Research | Feudal Age |
| 10:37 | Age | Feudal Age |
| 10:43 | Create | Villager (Male) |
| 10:43 | Create | Villager (Male) |
| 10:47 | Build | Blacksmith |
| 10:53 | Build | Market |
| 11:43 | Research | Castle Age |
| 11:43 | Research | Castle Age |
| 12:20 | Research | Double-Bit Axe |
| 12:24 | Research | Horse Collar |
| 14:23 | Age | Castle Age |
| 14:27 | Build | Town Center |
| 14:30 | Build | Town Center |
| 14:31 | Research | Wheelbarrow |
| 14:32 | Create | Villager (Male) |
| 14:43 | Research | Bow Saw |
| 15:23 | Create | Villager (Male) |
| 15:26 | Build | Farm |
| 15:29 | Research | Heavy Plow |
| 15:36 | Research | Loom |
| 15:42 | Build | Farm |
| 16:02 | Build | Farm |
| 16:04 | Create | Villager (Male) |
| 16:06 | Build | Farm |
| 16:14 | Build | Farm |
| 16:20 | Create | Villager (Male) |
| 16:26 | Create | Villager (Male) |
| 16:28 | Build | Farm |
| 16:29 | Build | Farm |
| 16:38 | Build | Farm |
| 16:44 | Build | Farm |
| 16:48 | Create | Villager (Male) |
| 16:52 | Build | Farm |
| 17:05 | Create | Villager (Male) |
| 17:13 | Build | Farm |
| 17:13 | Build | Farm |
| 17:18 | Create | Villager (Male) |
| 17:20 | Build | Farm |
| 17:28 | Build | Farm |
| 17:28 | Build | Farm |
| 17:37 | Build | Farm |
| 17:48 | Create | Villager (Male) |
| 17:48 | Create | Villager (Male) |
| 17:52 | Create | Villager (Male) |
| 17:52 | Create | Villager (Male) |
| 17:55 | Build | Farm |
| 17:55 | Build | Farm |
| 17:59 | Create | Villager (Male) |
| 17:59 | Create | Villager (Male) |
| 18:10 | Build | Farm |
| 18:10 | Build | Farm |
| 18:10 | Build | Farm |
| 18:13 | Create | Villager (Male) |
| 18:14 | Create | Villager (Male) |
| 18:17 | Build | Farm |
| 18:21 | Create | Villager (Male) |
| 18:21 | Create | Villager (Male) |
| 18:26 | Create | Villager (Male) |
| 18:48 | Create | Villager (Male) |
| 18:49 | Create | Villager (Male) |
| 18:49 | Create | Villager (Male) |
| 19:01 | Create | Villager (Male) |
| 19:07 | Build | Town Center |
| 19:08 | Create | Villager (Male) |
| 19:08 | Create | Villager (Male) |
| 19:20 | Create | Villager (Male) |
| 19:26 | Build | Farm |
| 19:30 | Create | Villager (Male) |
| 19:30 | Create | Villager (Male) |
| 19:31 | Create | Villager (Male) |
| 19:31 | Create | Villager (Male) |
| 19:36 | Build | House |
| 19:40 | Build | Monastery |
| 19:42 | Create | Villager (Male) |
| 19:42 | Create | Villager (Male) |
| 19:56 | Create | Villager (Male) |
| 19:56 | Create | Villager (Male) |
| 19:59 | Create | Villager (Male) |
| 20:04 | Create | Villager (Male) |
| 20:06 | Build | Farm |
| 20:07 | Build | Farm |
| 20:10 | Create | Villager (Male) |
| 20:19 | Research | Gold Mining |
| 20:42 | Create | Villager (Male) |
| 20:42 | Create | Villager (Male) |
| 20:49 | Build | House |
| 20:52 | Build | House |
| 20:55 | Build | House |
| 20:57 | Build | House |
| 21:00 | Create | Villager (Male) |
| 21:00 | Create | Villager (Male) |
| 21:10 | Create | Monk |
| 21:17 | Create | Villager (Male) |
| 21:23 | Research | Hand Cart |
| 21:32 | Create | Villager (Male) |
| 21:41 | Create | Villager (Male) |
| 21:45 | Create | Villager (Male) |
| 21:48 | Build | Farm |
| 21:48 | Build | Farm |
| 21:48 | Build | Farm |
| 21:48 | Build | Farm |
| 21:51 | Create | Villager (Male) |
| 21:53 | Build | Farm |
| 21:53 | Build | Farm |
| 21:53 | Build | Farm |
| 22:08 | Build | House |
| 22:10 | Build | House |
| 22:11 | Build | House |
| 22:19 | Create | Villager (Male) |
| 22:27 | Build | Town Center |
| 22:29 | Create | Villager (Male) |
Build order — carbondust
First 150 of 282 actions detected
| 0:01 | Create | Villager (Male) |
| 0:01 | Create | Villager (Male) |
| 0:02 | Build | House |
| 0:03 | Build | House |
| 0:03 | Create | Villager (Male) |
| 0:03 | Create | Villager (Male) |
| 1:20 | Create | Villager (Male) |
| 1:52 | Build | Lumber Camp |
| 1:57 | Create | Villager (Male) |
| 2:27 | Create | Villager (Male) |
| 2:27 | Create | Villager (Male) |
| 2:36 | Build | House |
| 2:41 | Create | Villager (Male) |
| 2:41 | Create | Villager (Male) |
| 2:42 | Create | Villager (Male) |
| 3:31 | Create | Villager (Male) |
| 3:36 | Create | Villager (Male) |
| 4:18 | Create | Villager (Male) |
| 4:24 | Create | Villager (Male) |
| 4:52 | Build | Mill |
| 5:01 | Create | Villager (Male) |
| 5:01 | Create | Villager (Male) |
| 5:17 | Build | House |
| 5:19 | Build | House |
| 5:34 | Create | Villager (Male) |
| 5:34 | Create | Villager (Male) |
| 6:01 | Create | Villager (Male) |
| 6:29 | Build | House |
| 6:36 | Build | House |
| 6:37 | Build | House |
| 6:53 | Create | Villager (Male) |
| 7:11 | Create | Villager (Male) |
| 7:36 | Build | Mining Camp |
| 7:37 | Research | Loom |
| 8:01 | Research | Feudal Age |
| 8:35 | Create | Villager (Male) |
| 9:45 | Create | Villager (Male) |
| 10:13 | Age | Feudal Age |
| 10:15 | Build | Market |
| 10:28 | Build | Blacksmith |
| 10:51 | Build | Farm |
| 10:59 | Create | Villager (Male) |
| 11:19 | Research | Castle Age |
| 11:23 | Build | Farm |
| 11:36 | Build | Farm |
| 12:02 | Research | Double-Bit Axe |
| 12:43 | Research | Horse Collar |
| 12:57 | Build | Mining Camp |
| 13:45 | Create | Villager (Male) |
| 14:08 | Age | Castle Age |
| 14:10 | Build | Town Center |
| 14:22 | Create | Villager (Male) |
| 14:48 | Build | Town Center |
| 14:51 | Create | Villager (Male) |
| 14:52 | Create | Villager (Male) |
| 15:36 | Create | Villager (Male) |
| 15:37 | Create | Villager (Male) |
| 15:49 | Create | Villager (Male) |
| 15:52 | Build | Farm |
| 15:53 | Build | Farm |
| 15:55 | Create | Villager (Male) |
| 15:58 | Build | Farm |
| 15:59 | Create | Villager (Male) |
| 16:00 | Create | Villager (Male) |
| 16:16 | Create | Villager (Male) |
| 16:21 | Build | Farm |
| 16:22 | Create | Villager (Male) |
| 16:29 | Build | Farm |
| 16:31 | Research | Loom |
| 16:51 | Create | Villager (Male) |
| 16:51 | Create | Villager (Male) |
| 16:58 | Build | Farm |
| 16:58 | Build | Farm |
| 17:02 | Build | Farm |
| 17:02 | Build | Farm |
| 17:08 | Build | Farm |
| 17:09 | Create | Villager (Male) |
| 17:28 | Build | Farm |
| 17:28 | Build | Farm |
| 17:33 | Create | Villager (Male) |
| 17:44 | Build | Farm |
| 17:44 | Build | Farm |
| 17:49 | Build | Farm |
| 17:49 | Create | Villager (Male) |
| 18:01 | Create | Villager (Male) |
| 18:09 | Build | Farm |
| 18:17 | Build | Farm |
| 18:18 | Create | Villager (Male) |
| 18:22 | Create | Villager (Male) |
| 18:27 | Build | Farm |
| 18:35 | Build | Farm |
| 18:36 | Build | Farm |
| 18:36 | Create | Villager (Male) |
| 18:47 | Build | House |
| 18:48 | Build | House |
| 18:49 | Create | Villager (Male) |
| 18:49 | Create | Villager (Male) |
| 18:56 | Create | Villager (Male) |
| 18:56 | Create | Villager (Male) |
| 19:05 | Build | Castle |
| 19:07 | Create | Villager (Male) |
| 19:14 | Create | Villager (Male) |
| 19:15 | Create | Villager (Male) |
| 19:20 | Build | Farm |
| 19:20 | Build | Farm |
| 19:21 | Create | Villager (Male) |
| 19:21 | Create | Villager (Male) |
| 19:30 | Create | Villager (Male) |
| 19:36 | Build | Farm |
| 19:40 | Create | Villager (Male) |
| 19:49 | Create | Villager (Male) |
| 19:50 | Create | Villager (Male) |
| 19:59 | Create | Villager (Male) |
| 19:59 | Create | Villager (Male) |
| 20:11 | Create | Villager (Male) |
| 20:11 | Create | Villager (Male) |
| 20:23 | Create | Villager (Male) |
| 20:25 | Create | Villager (Male) |
| 20:29 | Build | Town Center |
| 20:29 | Create | Villager (Male) |
| 20:35 | Create | Villager (Male) |
| 20:40 | Build | Farm |
| 20:40 | Create | Villager (Male) |
| 20:50 | Build | House |
| 20:52 | Build | House |
| 20:52 | Build | House |
| 20:52 | Build | House |
| 20:53 | Build | House |
| 20:55 | Create | Villager (Male) |
| 21:00 | Create | Villager (Male) |
| 21:07 | Create | Villager (Male) |
| 21:08 | Create | Villager (Male) |
| 21:08 | Create | Villager (Male) |
| 21:17 | Create | Villager (Male) |
| 21:20 | Create | Villager (Male) |
| 21:29 | Create | Villager (Male) |
| 21:35 | Build | Farm |
| 21:35 | Build | Farm |
| 21:35 | Build | Farm |
| 21:36 | Create | Villager (Male) |
| 21:40 | Create | Villager (Male) |
| 21:49 | Create | Villager (Male) |
| 21:52 | Create | Villager (Male) |
| 21:52 | Create | Villager (Male) |
| 21:58 | Build | House |
| 21:59 | Build | House |
| 21:59 | Build | House |
| 21:59 | Build | House |
| 22:01 | Create | Villager (Male) |
| 22:07 | Build | Farm |
Build order — 马大帅
First 150 of 300 actions detected
| 0:02 | Create | Villager (Male) |
| 0:03 | Create | Villager (Male) |
| 0:03 | Create | Villager (Male) |
| 0:03 | Create | Villager (Male) |
| 0:03 | Create | Villager (Male) |
| 0:06 | Build | House |
| 0:08 | Build | House |
| 1:45 | Create | Villager (Male) |
| 1:45 | Create | Villager (Male) |
| 1:48 | Build | Lumber Camp |
| 2:00 | Create | Villager (Male) |
| 2:20 | Build | House |
| 2:21 | Build | House |
| 2:31 | Create | Villager (Male) |
| 2:32 | Create | Villager (Male) |
| 3:05 | Create | Villager (Male) |
| 3:09 | Create | Villager (Male) |
| 3:10 | Create | Villager (Male) |
| 3:40 | Create | Villager (Male) |
| 3:40 | Create | Villager (Male) |
| 4:10 | Create | Villager (Male) |
| 4:10 | Create | Villager (Male) |
| 4:25 | Build | Mill |
| 4:42 | Create | Villager (Male) |
| 4:42 | Create | Villager (Male) |
| 5:00 | Create | Villager (Male) |
| 5:01 | Create | Villager (Male) |
| 5:56 | Create | Villager (Male) |
| 5:56 | Create | Villager (Male) |
| 5:56 | Create | Villager (Male) |
| 6:41 | Create | Villager (Male) |
| 6:41 | Create | Villager (Male) |
| 6:42 | Create | Villager (Male) |
| 6:52 | Create | Villager (Male) |
| 6:54 | Build | Farm |
| 7:18 | Build | Farm |
| 7:42 | Build | Farm |
| 8:10 | Build | Mining Camp |
| 8:35 | Research | Feudal Age |
| 9:01 | Build | House |
| 11:06 | Age | Feudal Age |
| 11:07 | Build | Market |
| 11:09 | Build | Blacksmith |
| 11:14 | Research | Double-Bit Axe |
| 11:32 | Create | Villager (Male) |
| 11:32 | Create | Villager (Male) |
| 12:12 | Research | Castle Age |
| 12:56 | Build | House |
| 12:56 | Build | House |
| 12:57 | Build | House |
| 12:58 | Build | House |
| 13:18 | Research | Horse Collar |
| 13:19 | Research | Wheelbarrow |
| 14:45 | Create | Villager (Male) |
| 14:45 | Create | Villager (Male) |
| 15:02 | Age | Castle Age |
| 15:03 | Build | House |
| 15:08 | Build | Town Center |
| 15:16 | Build | Town Center |
| 15:22 | Build | Farm |
| 15:22 | Build | Farm |
| 15:22 | Build | Farm |
| 15:23 | Build | Farm |
| 15:27 | Create | Villager (Male) |
| 15:31 | Build | House |
| 15:57 | Build | Farm |
| 15:58 | Build | Farm |
| 16:09 | Build | House |
| 16:10 | Build | House |
| 16:23 | Create | Villager (Male) |
| 16:28 | Create | Villager (Male) |
| 16:28 | Create | Villager (Male) |
| 16:33 | Create | Villager (Male) |
| 16:34 | Create | Villager (Male) |
| 16:34 | Create | Villager (Male) |
| 16:38 | Build | Farm |
| 16:40 | Build | Farm |
| 16:43 | Build | Farm |
| 16:49 | Build | Farm |
| 16:53 | Build | Farm |
| 16:56 | Build | Farm |
| 17:00 | Create | Villager (Male) |
| 17:09 | Build | Farm |
| 17:13 | Build | House |
| 17:22 | Build | Farm |
| 17:22 | Create | Villager (Male) |
| 17:23 | Create | Villager (Male) |
| 17:36 | Create | Villager (Male) |
| 17:42 | Build | Farm |
| 17:45 | Build | Farm |
| 17:46 | Create | Villager (Male) |
| 17:53 | Build | House |
| 17:56 | Create | Villager (Male) |
| 17:56 | Create | Villager (Male) |
| 18:01 | Create | Villager (Male) |
| 18:09 | Build | Farm |
| 18:15 | Build | Farm |
| 18:16 | Create | Villager (Male) |
| 18:16 | Create | Villager (Male) |
| 18:20 | Build | House |
| 18:21 | Build | House |
| 18:22 | Build | House |
| 18:39 | Build | Farm |
| 18:41 | Build | Farm |
| 18:42 | Create | Villager (Male) |
| 18:42 | Create | Villager (Male) |
| 18:48 | Build | Farm |
| 18:56 | Create | Villager (Male) |
| 18:58 | Build | Farm |
| 19:03 | Create | Villager (Male) |
| 19:12 | Build | House |
| 19:13 | Build | House |
| 19:17 | Build | Farm |
| 19:22 | Create | Villager (Male) |
| 19:22 | Create | Villager (Male) |
| 19:30 | Build | Farm |
| 19:33 | Build | Farm |
| 19:40 | Build | Farm |
| 19:41 | Create | Villager (Male) |
| 19:41 | Create | Villager (Male) |
| 19:49 | Create | Villager (Male) |
| 19:50 | Create | Villager (Male) |
| 20:00 | Create | Villager (Male) |
| 20:20 | Research | Bow Saw |
| 20:25 | Research | Heavy Plow |
| 20:29 | Create | Villager (Male) |
| 20:44 | Create | Villager (Male) |
| 20:46 | Build | House |
| 20:50 | Build | House |
| 20:54 | Create | Villager (Male) |
| 20:55 | Create | Villager (Male) |
| 20:56 | Create | Villager (Male) |
| 21:16 | Build | Town Center |
| 21:19 | Create | Villager (Male) |
| 21:31 | Create | Villager (Male) |
| 21:31 | Create | Villager (Male) |
| 21:35 | Create | Villager (Male) |
| 21:35 | Create | Villager (Male) |
| 21:36 | Create | Villager (Male) |
| 21:42 | Build | Siege Workshop |
| 21:49 | Create | Villager (Male) |
| 21:49 | Create | Villager (Male) |
| 21:54 | Build | Farm |
| 21:54 | Build | Farm |
| 22:29 | Build | Lumber Camp |
| 22:34 | Build | Lumber Camp |
| 22:38 | Create | Villager (Male) |
| 22:38 | Create | Villager (Male) |
| 22:39 | Create | Villager (Male) |
| 23:10 | Create | Villager (Male) |
Match timeline
| 9:31 | Mix · age_up feudal |
| 10:07 | 折鸿梦影 · first_building Barracks |
| 10:13 | carbondust · age_up feudal |
| 10:37 | Louis supertramp · age_up feudal |
| 10:55 | 折鸿梦影 · age_up feudal |
| 11:00 | 折鸿梦影 · first_building Archery Range |
| 11:06 | 马大帅 · age_up feudal |
| 11:57 | 对酒当歌 · age_up feudal |
| 12:36 | Mix · first_market_buy 100 food |
| 12:40 | Mix · first_market_sell 100 stone |
| 13:11 | carbondust · first_market_buy 100 wood |
| 13:11 | carbondust · first_market_sell 100 food |
| 13:36 | Mix · first_building Barracks |
| 14:08 | carbondust · age_up castle |
| 14:23 | Louis supertramp · age_up castle |
| 15:02 | 马大帅 · age_up castle |
| 15:32 | Mix · age_up castle |
| 15:58 | Mix · first_building Siege Workshop |
| 16:16 | 对酒当歌 · age_up castle |
| 17:55 | 马大帅 · first_market_buy 100 food |
| 18:51 | 折鸿梦影 · first_market_sell 100 stone |
| 19:05 | 折鸿梦影 · age_up castle |
| 19:05 | carbondust · first_building Castle |
| 19:10 | 折鸿梦影 · first_building Monastery |
| 19:22 | 对酒当歌 · first_market_buy 100 food |
| 19:40 | Louis supertramp · first_building Monastery |
| 21:42 | 马大帅 · first_building Siege Workshop |
| 22:23 | Louis supertramp · first_market_sell 100 wood |
| 22:23 | Louis supertramp · first_market_buy 100 stone |
| 22:52 | 折鸿梦影 · first_building Siege Workshop |
| 23:05 | 折鸿梦影 · age_up imperial |
| 23:28 | carbondust · first_building Barracks |
| 23:30 | Louis supertramp · first_building Barracks |
| 23:34 | 对酒当歌 · first_building Castle |
| 24:08 | carbondust · first_building Archery Range |
| 24:28 | Louis supertramp · first_building Stable |
| 25:31 | 马大帅 · first_building Castle |
| 25:36 | 马大帅 · first_building Monastery |
| 25:56 | Louis supertramp · tribute_sent a jugador 1 |
| 25:56 | Louis supertramp · tribute_sent a jugador 2 |
| 25:56 | Louis supertramp · tribute_sent a jugador 3 |
| 25:56 | Louis supertramp · tribute_sent a jugador 5 |
| 25:56 | Louis supertramp · tribute_sent a jugador 6 |
| 27:02 | 马大帅 · first_building Barracks |
| 27:51 | carbondust · age_up imperial |
| 28:14 | 马大帅 · first_building Archery Range |
| 28:34 | Louis supertramp · age_up imperial |
| 29:15 | 马大帅 · first_market_sell 500 wood |
| 30:06 | 对酒当歌 · age_up imperial |
| 30:12 | 对酒当歌 · tribute_sent a jugador 2 |
| 30:12 | 对酒当歌 · tribute_sent a jugador 3 |
| 30:12 | 对酒当歌 · tribute_sent a jugador 4 |
| 30:12 | 对酒当歌 · tribute_sent a jugador 5 |
| 30:12 | 对酒当歌 · tribute_sent a jugador 6 |
| 30:13 | Mix · first_building Castle |
| 30:29 | 马大帅 · age_up imperial |
| 30:34 | Louis supertramp · tribute_sent a jugador 1 |
| 30:34 | Louis supertramp · tribute_sent a jugador 2 |
| 30:34 | Louis supertramp · tribute_sent a jugador 3 |
| 30:34 | Louis supertramp · tribute_sent a jugador 5 |
| 30:34 | Louis supertramp · tribute_sent a jugador 6 |
| 30:35 | 对酒当歌 · first_building Barracks |
| 32:02 | 对酒当歌 · first_building Archery Range |
| 34:21 | carbondust · resign |
[ AI ANALYSIS · 1 CREDIT ]
What really happened in this match?
Wolo.gg analyzes every decision: build order, eco, micro, common mistakes by bracket. Personalized analysis on WhatsApp or Discord in 30 seconds.
Civ guide
Muisca
Perfil
Jugador #3427830